 Dungeon Crawl Stone Soup version 0.31-a0-1576-ga3383bade6 (webtiles) character file.

Game seed: 4219579424085328251

14552 Atlas the Eclecticist (level 11, -8/55 HPs)
             Began as a Deep Elf Fire Elementalist on Jan 4, 2024.
             Was a Priest of Vehumet.
             Mangled by an orc knight
             ... wielding a +2 long sword of distortion
              (9 damage)
             ... on level 11 of the Dungeon.
             The game lasted 00:17:33 (11972 turns).

Atlas the Eclecticist (Deep Elf Fire Elementalist) Turns: 11972, Time: 00:17:33

Health: -8/55      AC: 13    Str:  5    XL:     11   Next: 90%
Magic:  16/33      EV: 10    Int: 33    God:    Vehumet [***...]
Gold:   1850       SH:  0    Dex: 15    Spells: 31/42 levels left

rFire   . . .        t - +1 whip (elec)
rCold   . . .        (no shield)
rNeg    . . .        y - +0 swamp dragon scales
rPois   +            (no helmet)
rElec   +            x - +2 cloak {rCorr}
rCorr   +            i - +0 pair of gloves "Gumicume" {^Contam rElec Int+2}
SInv    .            H - +0 pair of boots
Will    ++...        P - amulet of magic regeneration
Stlth   ++           K - ring of Sedghe Liugh {+Blink Will+}
HPRegen 0.29/turn    E - +6 ring of intelligence
MPRegen 0.63/turn

%: no passive effects
@: no status effects
A: no striking features
a: Renounce Religion, Evoke Blink


You were on level 11 of the Dungeon.
You worshipped Vehumet.
Vehumet was most pleased with you.
You visited 2 branches of the dungeon, and saw 12 of its levels.

You collected 1913 gold pieces.
You spent 63 gold pieces at shops.

Inventory:

Hand Weapons
 n - the +7 halberd "Falenas" {venom, *Corrode Str+7}
   (You found it on level 9 of the Dungeon)

   Str+7:     It affects your strength (+7).
   *Corrode:  It may corrode you when you take damage.
 t - a +1 whip of electrocution (weapon)
Armour
 i - the +0 pair of gloves "Gumicume" (worn) {^Contam rElec Int+2}
   (You acquired it on level 8 of the Dungeon)

   Int+2:     It affects your intelligence (+2).
   rElec:     It insulates you from electricity.
   ^Contam:   It causes magical contamination when unequipped.
 x - a +2 cloak of preservation (worn)
 y - +0 swamp dragon scales (worn)
 H - a +0 pair of boots (worn)
Jewellery
 k - a ring of willpower
 v - an amulet of reflection
 E - a +6 ring of intelligence (right hand)
 J - a ring of positive energy
 K - the ring of Sedghe Liugh (left hand) {+Blink Will+}
   (You acquired it on level 8 of the Dungeon)

   [ring of willpower]

   Will+:     It increases your willpower.
   +Blink:    It lets you blink.
 L - a ring of resist corrosion
 P - an amulet of magic regeneration (around neck)
Wands
 C - a wand of mindburst (10)
 D - a wand of iceblast (6)
 M - a wand of polymorph (7)
 R - a wand of charming (8)
Scrolls
 a - 2 scrolls of vulnerability
 b - 2 scrolls of silence {unknown}
 g - 3 scrolls of noise
 j - a scroll of identify
 l - 2 scrolls of teleportation
 m - 4 scrolls of revelation
 o - 3 scrolls of summoning
 p - 3 scrolls of amnesia
 w - a scroll of torment {unknown}
 z - a scroll of enchant weapon {unknown}
 F - a scroll of immolation {unknown}
Potions
 c - a potion of invisibility {unknown}
 d - 2 potions of brilliance
 e - 2 potions of mutation
 f - 3 potions of haste {unknown}
 h - 4 potions of degeneration {unknown}
 q - 2 potions of lignification {unknown}
 r - a potion of attraction {unknown}
 s - 2 potions of cancellation {unknown}
 u - 3 potions of might {unknown}
 A - 2 potions of magic
 G - a potion of curing {unknown}
 I - a potion of ambrosia {unknown}
 N - a potion of resistance {unknown}
Miscellaneous
 Q - a lightning rod (4/4)


   Skills:
 + Level 0.6 Fighting
 + Level 0.4 Maces & Flails
 + Level 4.2 Armour
 + Level 4.5 Dodging
 + Level 3.5 Stealth
 + Level 1.2 Shields
 + Level 1.1 Unarmed Combat
 + Level 16.4 Spellcasting
 + Level 5.6 Conjurations
 + Level 13.1 Fire Magic
 + Level 0.9 Evocations


You had 31 spell levels left.
You knew the following spells:

 Your Spells              Type           Power      Damage    Failure   Level
a - Scorch                Fire           100%       2d9       1%          2
b - Foxfire               Conj/Fire      100%       2x1d9     1%          1
c - Flame Wave            Conj/Fire      73%        2d16      1%          4
d - Airstrike             Air            13%        2d(2-18)  16%         4

Your spell library contained the following spells:

 Spells                   Type           Power      Damage    Failure   Level
 Dazzling Flash           Conj/Hex       90%        N/A       1%          3
 Shock                    Conj/Air       100%       1d9       1%          1
 Momentum Strike          Conj/Tloc      90%        3d10      1%          2
 Inner Flame              Hex/Fire       63%        N/A       1%          3
 Volatile Blastmotes      Fire/Tloc      100%       2d18      1%          3
 Summon Blazeheart Golem  Fire/Summ      63%        N/A       4%          4
 Frozen Ramparts          Ice            54%        1d9       5%          3
 Summon Small Mammal      Summ           100%       N/A       6%          1
 Call Canine Familiar     Summ           27%        N/A       19%         3
 Swiftness                Air            27%        N/A       19%         3
 Freezing Cloud           Conj/Ice/Air   19%        6-21      21%         5
 Sculpt Simulacrum        Ice/Alch       13%        N/A       100%        6
 Summon Cactus Giant      Summ           13%        N/A       100%        6
 Ozocubu's Refrigeration  Ice            13%        4d10      100%        7
 Disjunction              Tloc           13%        N/A       100%        8


Dungeon Overview and Level Annotations

Branches:
Dungeon (11/15)            Temple (1/1) D:4            Lair (0/5) D:9
    Orc (0/2) D:11

Altars:
Ashenzari
Cheibriados
Dithmenos
Elyvilon
Fedhas
Gozag
Hepliaklqana
Kikubaaqudgha
Makhleb
Nemelex Xobeh
Okawaru
Qazlal
Ru
Sif Muna
Trog
Uskayaw
Vehumet
Wu Jian
Xom
Yredelemnul
Zin
The Shining One

Shops:
D:4 [   D:6 [   D:7 *

Annotations:
D:5 1 runed translucent door, bungle's ghost, amateur DECj


Message History

The orc knight is heavily wounded.
The flame wave engulfs the orc warrior!
The orc warrior is almost dead.
The flame wave engulfs the orc!
You kill the orc!
Vehumet accepts your kill.
You feel your power returning.
The orc no longer looks unusually strong.
The orc knight hits you with a +2 long sword of distortion!
Space warps around you.
* * * LOW HITPOINT WARNING * * *
Unknown command.
Unknown command.
A wave of flame ripples out!
The flame wave engulfs the orc warrior!!
You kill the orc warrior!
Vehumet accepts your kill.
The flame wave engulfs the orc knight!!
The orc knight is almost dead.
The flame wave engulfs the orc!
You kill the orc!
Vehumet accepts your kill.
You feel your power returning.
The flame wave engulfs the orc!
You kill the orc!
Vehumet accepts your kill.
You feel your power returning.
You finish channelling waves of flame.
You hear a bellow!
The orc knight roars a battlecry!
Unknown command.
Casting: Flame Wave (safe; 1% risk of failure)
Confirm with . or Enter, or press ? or * to list all spells.
Casting: Flame Wave (safe; 1% risk of failure)
Press: ? - help, Dir - look around, f - activate A wave of flame ripples out!
The flame wave engulfs the orc knight.
The orc knight is almost dead. (Press . to intensify the flame waves.)
The orc knight hits you with a +2 long sword of distortion!
* * * LOW HITPOINT WARNING * * *
Space warps horribly around you!
You die...

..........#>._.8#..
.######...#.....#.# . .#
#...#....o#.#####..
.######...#..ooo8......
>.........#.oooo')...
.########.#.o.o.8ou#
.########.# #))#
..........#######o.######
................@)...O...
................#########
....#########...###
....#########.....#
..................#
....########......#
###.########..##### #..
###...............#...#
.................Hâ—‹â—‹..#


You could see an orc knight, a white ugly thing, a two-headed ogre and an orc
(strong).

Vanquished Creatures
  3 two-headed ogres (D:11)
  Urug (D:10)
  Amaemon (D:11)
  Lodul (D:10)
  A cyclops (D:9)
  2 manticores (D:11)
  Maurice (D:8)
  An orange demon (D:11)
  Maggie (D:6)
  2 unseen horrors
  A freezing wraith (D:11)
  Psyche (D:10)
  3 trolls
  A shadow (D:11)
  2 vampires
  A wyvern (D:6)
  13 yaks
  Menkaure (D:5)
  An acid dragon (D:9)
  4 water moccasins
  An ice beast (D:8)
  8 ogres
  A black bear (D:7)
  4 orc warriors
  A sky beast (D:7)
  2 centaurs (D:8)
  A kobold brigand (D:10)
  3 bullfrogs
  2 gnoll sergeants
  4 scorpions
  10 wights
  14 killer bees
  A howler monkey (D:9)
  3 bombardier beetles
  2 quasits (D:5)
  4 hounds
  4 orc priests
  2 jellies
  Crazy Yiuf (D:4)
  A gnoll bouda (D:5)
  2 sleepcaps
  3 iguanas
  7 orc wizards
  9 gnolls
  2 adders
  2 shadow imps (D:5)
  3 white imps
  6 ufetubi
  2 dart slugs (D:4)
  30 orcs
  7 endoplasms
  5 giant cockroaches
  2 goblins (D:3)
  3 hobgoblins
  8 jackals
  2 quokkas
  12 ball pythons
  6 bats
  3 frilled lizards (D:1)
  4 kobolds (D:1)
  12 rats
241 creatures vanquished.

Vanquished Creatures (others)
  An orc wizard (D:8)
  632 foxfires
633 creatures vanquished.

Grand Total: 874 creatures vanquished

Notes
Turn   | Place    | Note
-------+----------+-------------------------------------------
     0 | D:1      | Atlas the Deep Elf Fire Elementalist began the quest for
                  | the Orb.
     0 | D:1      | Reached XP level 1. HP: 10/10 MP: 6/6
   194 | D:1      | Reached XP level 2. HP: 11/15 MP: 4/8
   771 | D:1      | Learned a level 2 spell: Scorch
   867 | D:1      | Reached XP level 3. HP: 19/19 MP: 5/10
  1452 | D:2      | Found a faded altar of an unknown god.
  1918 | D:3      | Reached skill level 4 in Spellcasting
  2369 | D:3      | Reached XP level 4. HP: 24/24 MP: 9/12
  2904 | D:4      | Reached skill level 5 in Spellcasting
  2904 | D:4      | Reached XP level 5. HP: 28/28 MP: 2/14
  3034 | D:4      | Noticed an ogre
  3040 | D:4      | Killed an ogre
  3041 | D:4      | Reached skill level 5 in Fire Magic
  3041 | D:4      | Reached XP level 6. HP: 32/32 MP: 0/16
  3185 | D:4      | Reached skill level 1 in Unarmed Combat
  3261 | D:4      | Found Cimnuot's Armour Boutique.
  3270 | D:4      | Bought a +0 cloak for 63 gold pieces
  3605 | D:4      | Found a staircase to the Ecumenical Temple.
  3704 | D:4      | Found a runed translucent door.
  3705 | D:4      | Noticed Crazy Yiuf
  3713 | D:4      | Killed Crazy Yiuf
  3837 | D:5      | Entered Level 5 of the Dungeon
  3839 | D:5      | Found a runed translucent door.
  3944 | D:5      | Reached skill level 6 in Spellcasting
  4038 | D:5      | Noticed Menkaure
  4044 | D:5      | Killed Menkaure
  4183 | D:5      | Reached XP level 7. HP: 36/36 MP: 14/19
  4357 | D:5      | Reached skill level 7 in Spellcasting
  5074 | D:5      | Noticed bungle's ghost (amateur DECj)
  5112 | D:6      | Reached skill level 1 in Armour
  5112 | D:6      | Reached skill level 8 in Spellcasting
  5532 | D:6      | Reached XP level 8. HP: 41/41 MP: 15/22
  5629 | D:6      | Learned a level 4 spell: Flame Wave
  5638 | D:6      | Noticed Maggie
  5644 | D:6      | Found Xeogemo's Armour Shoppe.
  5648 | D:6      | Killed Maggie
  5649 | D:6      | Reached skill level 9 in Spellcasting
  5828 | D:6      | Reached skill level 10 in Spellcasting
  5991 | D:6      | Reached XP level 9. HP: 44/45 MP: 13/25
  6128 | Temple   | Entered the Ecumenical Temple
  6153 | Temple   | Became a worshipper of Vehumet
  6537 | D:6      | Found a glowing silver altar of Zin.
  6584 | D:6      | Found a stormy altar of Qazlal.
  6873 | D:7      | You fall into a shaft and drop 2 floors!
  6953 | D:9      | Identified the +7 halberd "Falenas" {venom, *Corrode Str+7}
  7026 | D:9      | Reached skill level 11 in Spellcasting
  7031 | D:9      | Reached skill level 1 in Shields
  7077 | D:9      | Noticed a cyclops
  7185 | D:9      | Noticed a troll
  7191 | D:9      | Killed a troll
  7215 | D:9      | Noticed a troll
  7221 | D:9      | Killed a troll
  7408 | D:8      | Noticed Maurice
  7433 | D:8      | Maurice stole a ring of positive energy
  7444 | D:8      | Killed Maurice
  7445 | D:8      | Reached skill level 12 in Spellcasting
  7952 | D:7      | Reached XP level 10. HP: 50/50 MP: 22/28
  8005 | D:7      | Found an opulent altar of Gozag.
  8020 | D:7      | Found Gozag's Platinum Reserve.
  8314 | D:7      | Reached * piety under Vehumet
  8314 | D:7      | Offered knowledge of Freeze by Vehumet.
  8357 | D:7      | Reached skill level 10 in Fire Magic
  9046 | D:8      | Reached skill level 13 in Spellcasting
  9290 | D:8      | Identified 4 scrolls of acquirement
  9293 | D:8      | Acquired Sif Muna's Annotations on Unstable Congelation
  9295 | D:8      | Acquired the +0 pair of gloves "Gumicume" {^Contam rElec
                  | Int+2}
  9302 | D:8      | Acquired 961 gold pieces
  9304 | D:8      | Acquired the ring of Sedghe Liugh {+Blink Will+}
  9329 | D:9      | Killed a cyclops
  9481 | D:9      | Learned a level 4 spell: Airstrike
  9484 | D:9      | Found a staircase to the Lair.
  9798 | D:10     | Entered Level 10 of the Dungeon
  9844 | D:10     | Offered knowledge of Sting by Vehumet.
  9845 | D:10     | Reached skill level 14 in Spellcasting
  9929 | D:10     | Noticed Psyche
  9929 | D:10     | Noticed Urug
  9935 | D:10     | Killed Psyche
  9988 | D:10     | Killed Urug
  9988 | D:10     | Reached ** piety under Vehumet
  9989 | D:10     | Reached skill level 5 in Conjurations
 10164 | D:10     | Found an ornate altar of the Wu Jian Council.
 10306 | D:10     | Reached XP level 11. HP: 44/55 MP: 15/31
 10570 | D:10     | Noticed Lodul
 10577 | D:10     | Killed Lodul
 10578 | D:10     | Reached skill level 15 in Spellcasting
 10822 | D:10     | Found a shimmering blue altar of Sif Muna.
 10938 | D:11     | Noticed a two-headed ogre
 10945 | D:11     | Killed a two-headed ogre
 11110 | D:11     | Noticed a two-headed ogre
 11117 | D:11     | Killed a two-headed ogre
 11117 | D:11     | Offered knowledge of Dazzling Flash by Vehumet.
 11192 | D:11     | Noticed a two-headed ogre
 11199 | D:11     | Killed a two-headed ogre
 11302 | D:11     | Noticed Amaemon
 11349 | D:11     | Killed Amaemon
 11350 | D:11     | Reached skill level 16 in Spellcasting
 11940 | D:11     | Found a staircase to the Orcish Mines.
 11953 | D:11     | Noticed an orc knight
 11961 | D:11     | Reached *** piety under Vehumet
 11969 | D:11     | Noticed a white ugly thing
 11969 | D:11     | Noticed a two-headed ogre
 11972 | D:11     | HP: 1/55 [orc knight/+2 long sword of distortion (14)]
 11972 | D:11     | Mangled by an orc knight

Illustrated notes

Levels and vault maps discovered:
D:1:      minmay_arrival_glassed_features, layout_basic, serial_corexii_hall,
          corexii_hall_statues_t, corexii_hall_statues_l
D:2:      layout_basic, hellmonk_ecumenical_altar_zigzags,
          hangedman_decor_riveting, amcnicky_mini_corridor_feature
D:3:      layout_basic
D:4:      layout_basic, minmay_temple_entry_glassed_door, serial_shops,
          shop_statue, minivault_1, minmay_misc_feat_diagonals,
          uniq_crazy_yiuf_cottage
D:5:      layout_gridville, serial_demonic, serial_demonic_c, serial_demonic_a,
          serial_demonic_d, serial_demonic_b, ebering_ghost_sewer_d,
          uniq_menkaure
D:6:      layout_loops_ring, jmf_multi_god_temple2, serial_shops, shop,
          eino_small_chamber_without_monster, minmay_misc_feat_nine_boxes,
          uniq_maggie
D:7:      layout_loops_corners, nicolae_gozag_zags_fifth_avenue
D:8:      layout_basic, billiards_dpeg, uniq_maurice
D:9:      layout_basic, lair_entry_dummy, hive_lemuel
D:10:     layout_loops_ring, nicolae_sif_muna_condensation,
          nicolae_wu_jian_wuxing_cycle, corexii_checkpoint, uniq_psyche,
          uniq_urug, uniq_lodul
D:11:     minmay_blocky_corners, layout_long_grid, david_orc_5,
          minmay_strange_pillars, uniq_amaemon
Temple:   bh_familiar_temple

Skill      XL: |  1  2  3  4  5  6  7  8  9 10 11 |
---------------+----------------------------------+-----
Fire Magic     | 4 5 6 8 9 11 13 | 13.1
Spellcasting   | 4 5 6 8 10 12 14 16 | 16.4
Conjurations   | 2 3 4 5 |  5.6
Stealth        | 3 |  3.5
Unarmed Combat | 1 |  1.1
Armour         | 1 2 3 4 |  4.2
Dodging        | 3 4 |  4.5
Shields        | 1 |  1.2
Fighting       | |  0.6
Maces & Flails | |  0.4
Evocations     | |  0.9

Action                     |  1- 3 |  4- 6 |  7- 9 | 10-12 || total
---------------------------+-------+-------+-------+-------++-------
  Melee: Unarmed           |     5 |    13 |       |       ||    18
         Whip              |       |     9 |    22 |    16 ||    47
         Punch             |       |       |     2 |       ||     2
   Cast: Foxfire           |    75 |    69 |   116 |   104 ||   364
         Scorch            |    25 |    22 |   104 |   133 ||   284
         Flame Wave        |       |       |       |    13 ||    13
  Evoke: Lightning rod     |       |       |       |     2 ||     2
    Use: Potion            |       |       |     2 |     4 ||     6
         Scroll            |       |       |     1 |    14 ||    15
 Armour: Robe              |     7 |       |       |       ||     7
         Leather armour    |       |    12 |    35 |       ||    47
         Swamp dragon scal |       |       |    26 |    89 ||   115
  Dodge: Dodged            |     9 |    13 |    96 |    44 ||   162
  Block: Other             |       |     2 |    25 |     6 ||    33

Table legend: (Time is in decaauts)
 A = Elapsed time spent in this place.
 B = Non-inter-level travel time spent in this place.
 C = Inter-level travel time spent in this place.
 D = Time resting spent in this place.
 E = Time spent auto-exploring this place.
 F = Levels seen in this place.
 G = Mean time per level.
                   A        B        C        D        E       F      G
               +--------+--------+--------+--------+--------+-----+--------+
         Total |  11976 |  11509 |    467 |    349 |   9552 |  12 |  998.0 |
       Dungeon |  11927 |  11508 |    419 |    349 |   9552 |  11 | 1084.3 |
        Temple |     49 |      2 |     47 |      0 |      0 |   1 |   49.0 |
               +--------+--------+--------+--------+--------+-----+--------+

Top non-repeatable levels by time:
     D:6: 1559 daAuts
     D:5: 1290 daAuts
    D:10: 1139 daAuts
     D:1: 1121 daAuts
     D:4: 1090 daAuts
     D:8: 1057 daAuts
     D:7: 1040 daAuts
    D:11: 1033 daAuts
     D:9: 941 daAuts
     D:2: 861 daAuts
     D:3: 791 daAuts
  Temple: 49 daAuts
